cohdb
Replays
Latest Replays
All Replays
Popular Replays
Top Player Replays
Match Explorer
How It Works
Community
CoH3 Stats
Reddit
Sign in to upload your games and track your stats! →
Sign in with Steam
Match 37981322
Unlisted
Match 37981322
Overview
Messages
Build Orders
End
Selects Australian Defense Battlegroup
Selects Australian Light Infantry Section
Construct Section Command Post
Dingo Light Scout Car
ML 3-inch Mortar Team
Australian Light Infantry Section
Australian Light Infantry Section
Infantry Section
Selects 2-pounder Anti-tank Gun Team
Construct Platoon Command Post
Unlock Bishop Self-propelled Artillery
SpedChild23
Trash Panda
bearskill123
pm★Elijah
vonMises
NachoMz_HQ YT
Mael Radec
Clara
0
0
Comments
sign in to comment!
No comments posted yet!